 Dungeon Crawl Stone Soup version 0.29-a0-275-g389c0b56f3 (webtiles) character file.

Game seed: 6953795094617555207

103454 juncz the Severer (level 15, -5/141 HPs)
             Began as a Minotaur Berserker on Mar 9, 2022.
             Was a High Priest of Trog.
             Slain by a two-headed ogre
             ... wielding a +0 giant club
              (12 damage)
             ... on level 2 of the Orcish Mines on Mar 13, 2022.
             The game lasted 02:19:08 (28118 turns).

juncz the Severer (Minotaur Berserker)             Turns: 28118, Time: 02:19:09

Health: -5/141     AC: 18    Str: 46    XL:     15   Next: 89%
Magic:  14/14      EV: 13    Int:  4    God:    Trog [*****.]
Gold:   1643       SH: 11    Dex: 10    Spells: 14/14 levels left

rFire   . . .      SeeInvis .   p - +8 mithril axe "Arga" {speed, Will+}
rCold   + . .      Faith    .   Z - +0 kite shield {rC+}
rNeg    . . .      Spirit   .   Q - +1 scale mail of Undesirable Species {-Cast rElec rPois Str+7}
rPois   +          Reflect  .   (helmet restricted)
rElec   +          Harm     .   y - +2 cloak
rCorr   .          Rampage  .   u - +2 pair of gloves
Will    ++...      NoCast   +   (no boots)
Stlth   ..........              l - amulet of Izera {Acrobat Str+4}
HPRegen 0.33/turn               t - +6 ring of strength
MPRegen 0.14/turn               h - ring of flight

@: flying, studying Dodging
A: horns 2, retaliatory headbutt
a: Renounce Religion, Berserk, Trog's Hand, Brothers in Arms


You were on level 2 of the Orcish Mines.
You worshipped Trog.
Trog was extremely pleased with you.
You visited 3 branches of the dungeon, and saw 20 of its levels.
You also visited: Ice Cave and Volcano.

You collected 1643 gold pieces.

Inventory:

Hand Weapons
 a - a +1 broad axe of venom
 b - a +0 hand crossbow of flaming
 p - the +8 mithril axe "Arga" (weapon) {speed, Will+}
   (Trog gifted it to you on level 1 of the Orcish Mines)

   Attacks with this weapon are significantly faster.
   Will:      It increases your willpower.
 Y - a +5 war axe of flaming
Missiles
 f - 8 throwing nets
 z - 5 curare-tipped darts
 S - 5 javelins
 V - 7 boomerangs (quivered)
Armour
 u - a +2 pair of gloves (worn)
 y - a +2 cloak (worn)
 Q - the +1 scale mail of Undesirable Species (worn) {-Cast rElec rPois Str+7}
   (You found it on level 3 of the Lair of Beasts)

   Str:       It affects your strength (+7).
   rElec:     It insulates you from electricity.
   rPois:     It protects you from poison.
   -Cast:     It prevents spellcasting.
 W - +0 ice dragon scales
 Z - a +0 kite shield of cold resistance (worn)
Jewellery
 c - a ring of poison resistance
 h - a ring of flight (right hand)
 l - the amulet of Izera (around neck) {Acrobat Str+4}
   (You found it on level 2 of the Dungeon)

   [amulet of the acrobat]

   It increases your evasion while moving and waiting.
   Str:       It affects your strength (+4).
 r - a ring of fire
 t - a +6 ring of strength (left hand)
 M - a ring of fire
 R - a ring of resist corrosion
 T - a ring of ice
Wands
 v - a wand of paralysis (29)
 A - a wand of acid (8)
 C - a wand of mindburst (20)
 G - a wand of flame (47)
 P - a wand of iceblast (9)
 U - a wand of polymorph (7)
Scrolls
 g - a scroll of immolation
 m - a scroll of summoning
 x - 3 scrolls of fear
 B - 6 scrolls of teleportation
 F - 5 scrolls of fog
 H - 3 scrolls of blinking
 I - a scroll of enchant armour
 N - 3 scrolls of silence
 O - 3 scrolls of vulnerability
 X - a scroll of brand weapon
Potions
 d - 4 potions of resistance
 e - 7 potions of curing
 i - 2 potions of cancellation
 j - 2 potions of magic
 k - 4 potions of might
 n - 5 potions of heal wounds
 o - 4 potions of attraction
 q - 4 potions of haste
 s - 2 potions of berserk rage
 w - a potion of lignification
 E - a potion of ambrosia
 J - 2 potions of invisibility
Miscellaneous
 K - a phantom mirror
 L - a piece from Xom's chessboard (15/15)


   Skills:
 + Level 15.4 Fighting
 - Level 16.0 Axes
 + Level 14.8 Armour
 - Level 10.1 Dodging
 - Level 2.1 Stealth
 + Level 12.1 Shields
 + Level 11.3 Evocations


You had 14 spell levels left.
You didn't know any spells.
Your spell library contained the following spells:

 Spells                   Type           Power      Damage    Failure   Level
 Summon Small Mammal      Summ           0%         N/A       86%         1
 Blink                    Tloc           0%         N/A       94%         2
 Corpse Rot               Necr/Air       0%         N/A       94%         2
 Poisonous Vapours        Pois/Air       0%         N/A       94%         2
 Call Canine Familiar     Summ           0%         N/A       99%         3
 Conjure Flame            Conj/Fire      0%         6-21      99%         3
 Frozen Ramparts          Ice            0%         1d2       99%         3
 Ignite Poison            Fire/Tmut/Pois 0%         N/A       99%         3
 Lesser Beckoning         Tloc           0%         N/A       99%         3
 Portal Projectile        Hex/Tloc       0%         N/A       99%         3
 Summon Guardian Golem    Hex/Summ       0%         N/A       99%         3
 Hailstorm                Conj/Ice       0%         3d3       100%        4
 Ice Form                 Ice/Tmut       0%         N/A       100%        4
 Sticky Flame             Conj/Fire      0%         2d3       100%        4
 Summon Ice Beast         Ice/Summ       0%         N/A       100%        4
 Blade Hands              Tmut           0%         N/A       100%        5
 Excruciating Wounds      Necr           0%         N/A       100%        5
 Irradiate                Conj/Tmut      0%         3d14      100%        5
 Manifold Assault         Tloc           0%         N/A       100%        5
 Simulacrum               Ice/Necr       0%         N/A       100%        6
 Dragon Form              Tmut           0%         N/A       100%        7


Dungeon Overview and Level Annotations

Branches:
Dungeon (12/15)            Temple (0/1) D:6            Lair (6/6) D:11
 Shoals (0/4) Lair:2        Snake (0/4) Lair:2        Slime (0/5) Lair:6
    Orc (2/2) D:11            Elf (0/3) Orc:2         IceCv (visited)
Volcano (visited)

Altars:
Cheibriados
Dithmenos
Elyvilon
Fedhas
Hepliaklqana
Kikubaaqudgha
Okawaru
Qazlal
Ru
Sif Muna
Xom
Yredelemnul
The Shining One
Beogh

Shops:
D:2 [   Orc:2 *

Annotations:
D:12 exclusions: ice statue and orange crystal statue


Innate Abilities, Weirdness & Mutations

You have a pair of horns on your head.
You reflexively headbutt those who attack you in melee.


Message History

You see here a +0 hand axe.
Things that are here:
a +0 troll leather armour; a troll skeleton
Things that are here:
a +0 troll leather armour; a troll skeleton
There is a stone staircase leading down, spattered with blood here.
You see here a +0 hand axe.
You can't go up here!
Unknown command.
You fly downwards.
The ogre shouts!
You hear a shout!
The ogre hits you with a +0 giant club!!
The two-headed ogre hits you with a +0 giant spiked club!!
You block the two-headed ogre's attack.
An ogre comes into view. It is wielding a +0 giant club.
You block the troll's attack. The troll claws you.
The troll closely misses you.
The two-headed ogre hits you with a +0 giant club! x4
The ogre mage gestures wildly while chanting.
The ogre mage flickers and vanishes!
Deactivating autopickup; reactivate with Ctrl-A.
The two-headed ogre completely misses you.
The two-headed ogre barely misses you.
An ogre comes into view. It is wielding a +0 giant club.
The two-headed ogre closely misses you. You furiously retaliate!
You headbutt the two-headed ogre! The two-headed ogre barely misses you.
The troll closely misses you. You block the troll's attack. x2
The ogre moves out of view.
There is a stone staircase leading up, spattered with blood here.
The ogre shouts!
You block the ogre's attack. The two-headed ogre barely misses you.
You block the two-headed ogre's attack.
The two-headed ogre completely misses you.
You furiously retaliate!
You headbutt the two-headed ogre.
The two-headed ogre hits you with a +0 giant club!!
* * * LOW HITPOINT WARNING * * *
The two-headed ogre hits you with a +0 giant club!
* * * LOW HITPOINT WARNING * * *
The two-headed ogre hits you with a +0 giant club!
You die...

##..#.........#.....
..#.#...................
............$...........
........................
.........$..............
.............$..........
................TO......
...#...........O@O.$....
...............OOOO.....
.#.#..$.....#..$TO......
.##.....[........T.OT...
..#...............#.{O..
.......#............O.C.
.................##.....
..#.#.#........... .OT..
...#####.##.......


You could see 6 two-headed ogres, a deep troll, a cyclops, 4 trolls and 6 ogres.

Vanquished Creatures
  A red draconian (Volcano)
  Josephine (D:11)
  A merfolk avatar (Lair:6)
  A boulder beetle (Lair:3)
  3 hydras
  A catoblepas (Lair:6)
  9 two-headed ogres
  13 death yaks
  Urug (Lair:4)
  Nergalle (Lair:2)
  Lodul (D:11)
  A salamander mystic (Volcano)
  2 sea snakes (Lair:6)
  Pikel (D:6)
  A deep elf pyromancer (D:12)
  A harpy (Lair:6)
  An orc knight (Orc:1)
  A lindwurm (Lair:5)
  An orc sorcerer (Orc:1)
  3 cyclopes
  3 manticores
  4 salamanders (Volcano)
  17 elephants
  3 black mambas
  An ice statue (IceCv)
  2 molten gargoyles (Volcano)
  2 torpor snails
  14 cane toads
  A gargoyle (D:12)
  7 rime drakes
  Psyche (D:9)
  An efreet (D:11)
  11 komodo dragons
  10 trolls
  2 burning bushes (Lair:5)
  2 wind drakes (Lair:6)
  19 polar bears
  3 hornets (Lair:6)
  18 blink frogs
  A snapping turtle (Lair:6)
  A shadow (D:9)
  Sigmund (D:6)
  6 wraiths
  54 yaks
  2 fire bats (Volcano)
  4 basilisks
  4 wyverns
  2 steam dragons
  Grum (D:9)
  3 vampire mosquitoes (D:12)
  Edmund (D:5)
  4 nagas (Lair:2)
  2 acid dragons
  8 water moccasins
  2 hell hounds (Orc:1)
  A black bear (Lair:5)
  7 orc warriors
  2 ice beasts
  A sky beast (D:6)
  11 centaurs
  9 ogres
  31 wolves
  5 kobold brigands
  3 lemures (D:6)
  A phantom (D:4)
  Blork the orc (D:6)
  9 bullfrogs
  2 necrophages
  3 scorpions
  2 gnoll sergeants
  5 wights (D:7)
  6 killer bees (D:8)
  5 howler monkeys
  2 electric eels
  6 lava snakes (Volcano)
  6 jellies
  3 hounds
  14 orc priests
  3 gnoll shamans
  2 iguanas
  11 orc wizards
  28 gnolls
  6 adders
  A shadow imp (D:6)
  A white imp (D:5)
  2 ufetubi (D:6)
  3 worms
  3 dart slugs
  35 orcs
  9 endoplasms
  2 giant cockroaches (D:2)
  7 hobgoblins
  3 jackals (D:5)
  29 kobolds
  5 quokkas
  8 ball pythons
  5 bats
  6 frilled lizards
  9 goblins
  4 rats
  5 bushes (D:6)
584 creatures vanquished.

Vanquished Creatures (collateral kills)
  A frost giant (IceCv)
1 creature vanquished.

Vanquished Creatures (others)
  39 fungi
  74 plants
113 creatures vanquished.

Grand Total: 698 creatures vanquished

Notes
Turn   | Place    | Note
-------+----------+-------------------------------------------
     0 | D:1      | juncz the Minotaur Berserker began the quest for the Orb.
     0 | D:1      | Reached XP level 1. HP: 19/19 MP: 0/0
   447 | D:1      | Reached XP level 2. HP: 22/27 MP: 1/1
  1378 | D:2      | Found a faded altar of an unknown god.
  1456 | D:2      | Reached ** piety under Trog
  1457 | D:2      | Reached XP level 3. HP: 33/33 MP: 2/2
  1461 | D:2      | Reached skill level 4 in Axes
  1509 | D:2      | Found Qaykufinn's Antique Armour Boutique.
  2150 | D:2      | Reached XP level 4. HP: 38/41 MP: 3/3
  2304 | D:2      | Identified the amulet of Izera {Acrobat Str+4}
  2494 | D:3      | Reached skill level 1 in Stealth
  2625 | D:3      | Reached skill level 5 in Axes
  2625 | D:3      | Reached XP level 5. HP: 33/47 MP: 4/4
  2721 | D:3      | Found a snail-covered altar of Cheibriados.
  2724 | D:3      | Found a white marble altar of Elyvilon.
  2730 | D:3      | Found an iron altar of Okawaru.
  2776 | D:3      | Found an ancient bone altar of Kikubaaqudgha.
  2875 | D:3      | Found a shimmering altar of Xom.
  2875 | D:3      | Found a sacrificial altar of Ru.
  2875 | D:3      | Found a hazy altar of Hepliaklqana.
  2878 | D:3      | Found a glowing golden altar of the Shining One.
  2879 | D:3      | Found a basalt altar of Yredelemnul.
  2880 | D:3      | Found a shimmering blue altar of Sif Muna.
  3009 | D:3      | Found a blossoming altar of Fedhas.
  3186 | D:4      | Reached skill level 5 in Fighting
  3249 | D:4      | Noticed a phantom
  3260 | D:4      | Killed a phantom
  3279 | D:4      | Reached XP level 6. HP: 51/56 MP: 5/5
  3476 | D:4      | Reached skill level 6 in Axes
  3683 | D:4      | Reached *** piety under Trog
  3685 | D:4      | Reached skill level 7 in Axes
  3685 | D:4      | Reached XP level 7. HP: 13/61 MP: 6/6
  4301 | D:5      | Entered Level 5 of the Dungeon
  4405 | D:5      | Noticed Edmund
  4413 | D:5      | Killed Edmund
  4510 | D:5      | Reached skill level 8 in Axes
  5045 | D:6      | Noticed Sigmund
  5045 | D:6      | Noticed Pikel
  5057 | D:6      | Killed Pikel
  5058 | D:6      | Reached skill level 9 in Axes
  5058 | D:6      | Reached XP level 8. HP: 45/71 MP: 7/7
  5062 | D:6      | Killed Sigmund
  5063 | D:6      | Reached skill level 5 in Armour
  5075 | D:6      | Noticed Blork the orc
  5092 | D:6      | Killed Blork the orc
  5093 | D:6      | Reached skill level 10 in Axes
  5612 | D:6      | Found a staircase to the Ecumenical Temple.
  5714 | D:6      | Reached **** piety under Trog
  6127 | D:7      | Reached XP level 9. HP: 79/79 MP: 8/8
  6793 | D:7      | Reached skill level 5 in Dodging
  6982 | D:7      | Reached skill level 11 in Axes
  7151 | D:7      | Found a stormy altar of Qazlal.
  9242 | D:8      | Reached XP level 10. HP: 85/91 MP: 9/9
  9296 | D:9      | Noticed a two-headed ogre
  9307 | D:9      | Killed a two-headed ogre
  9609 | D:9      | Reached skill level 12 in Axes
  9817 | D:9      | Reached skill level 10 in Fighting
  9817 | D:9      | Reached ***** piety under Trog
  9983 | D:9      | Noticed Psyche
  9991 | D:9      | Killed Psyche
  9993 | D:9      | Noticed Grum
 10178 | D:9      | Reached skill level 10 in Dodging
 10181 | D:9      | Killed Grum
 10720 | D:9      | Reached skill level 1 in Evocations
 10739 | D:9      | Found a shadowy altar of Dithmenos.
 10998 | D:10     | Entered Level 10 of the Dungeon
 11016 | D:10     | Noticed a two-headed ogre
 11023 | D:10     | Killed a two-headed ogre
 11024 | D:10     | Reached XP level 11. HP: 101/101 MP: 10/10
 11554 | D:11     | Noticed Josephine
 11554 | D:11     | Found a staircase to the Lair.
 11780 | D:11     | Noticed Lodul
 11786 | D:10     | Reached skill level 13 in Axes
 11822 | D:10     | Reached skill level 10 in Armour
 11888 | D:11     | Killed Josephine
 11956 | Lair:1   | Entered Level 1 of the Lair of Beasts
 13461 | Lair:2   | Noticed a six-headed hydra
 13476 | Lair:1   | Killed a six-headed hydra
 13531 | Lair:2   | Noticed Nergalle
 13544 | Lair:2   | Killed Nergalle
 13603 | Lair:2   | Found a staircase to the Shoals.
 13706 | Lair:2   | Found a staircase to the Snake Pit.
 14024 | Lair:2   | Reached skill level 14 in Axes
 14024 | Lair:2   | Reached XP level 12. HP: 96/112 MP: 11/11
 14477 | Lair:2   | Noticed a seven-headed hydra
 14489 | Lair:2   | Killed a seven-headed hydra
 14490 | Lair:2   | Reached skill level 5 in Evocations
 14701 | Lair:3   | Noticed a death yak
 14712 | Lair:2   | Killed a death yak
 15344 | Lair:3   | Identified the +1 scale mail of Undesirable Species {-Cast
                  | rElec rPois Str+7}
 15387 | Lair:3   | Noticed a boulder beetle
 15393 | Lair:3   | Killed a boulder beetle
 17143 | Lair:4   | Reached skill level 15 in Axes
 17267 | Lair:4   | Noticed Urug
 17277 | Lair:4   | Killed Urug
 17959 | Lair:4   | Reached XP level 13. HP: 77/122 MP: 12/12
 18867 | Lair:5   | Found a frozen archway.
 18885 | IceCv    | Entered an ice cave
 19614 | IceCv    | Reached skill level 16 in Axes
 19622 | IceCv    | Received a gift from Trog
 19937 | IceCv    | Noticed a frost giant
 19943 | IceCv    | Killed a frost giant
 20844 | D:11     | Reached skill level 1 in Shields
 20939 | D:10     | Reached XP level 14. HP: 133/133 MP: 13/13
 22071 | Lair:6   | Entered Level 6 of the Lair of Beasts
 22190 | Lair:6   | Found a staircase to the Slime Pits.
 22496 | Lair:6   | Reached XP level 15. HP: 139/139 MP: 14/14
 23235 | Lair:6   | Reached skill level 10 in Shields
 23235 | Lair:6   | Reached skill level 10 in Evocations
 24977 | D:11     | Found a staircase to the Orcish Mines.
 26017 | D:11     | Reached skill level 15 in Fighting
 26029 | D:11     | Killed Lodul
 26491 | Orc:1    | Entered Level 1 of the Orcish Mines
 26496 | Orc:1    | Received a gift from Trog
 26496 | Orc:1    | Found the +8 mithril axe "Arga" {speed, Will+}
 26530 | Orc:2    | Entered Level 2 of the Orcish Mines
 26540 | Orc:2    | Found a staircase to the Elven Halls.
 26571 | Orc:2    | Found Yrenex's General Store.
 26624 | Orc:1    | Found a dark tunnel.
 26630 | Volcano  | Entered a volcano
 27160 | Volcano  | Found a burning altar of Makhleb.
 27825 | Orc:1    | Received a gift from Trog
 28118 | Orc:2    | HP: 7/141 [two-headed ogre/+0 giant club (13)]
 28118 | Orc:2    | Slain by a two-headed ogre

Illustrated notes

Levels and vault maps discovered:
D:1:      dpeg_arrival_tiny_c, layout_basic
D:2:      minmay_skewed_foursquare, layout_rooms, serial_shops,
          nicolae_shop_overgrown_old_shop, chequers_ecumenical_altar_island
D:3:      layout_basic, mainiacjoe_overflow_small_starburst,
          nicolae_overflow_hidden_temple, minitemple
D:4:      layout_rooms, grunt_ministairs_2, minmay_goblin_outpost
D:5:      layout_loops_cross, grunt_decor_resistance, uniq_edmund
D:6:      layout_rooms, temple_fountains, chequers_serial_rivers_room_b,
          lexackson_kobold_supper, uniq_sigmund, uniq_pikel, uniq_blork_the_orc
D:7:      layout_basic, mainiacjoe_overflow_boulevard
D:8:      layout_loops_corners
D:9:      argonaut_augean_stables, layout_rooms, lemuel_round_altar, uniq_grum,
          uniq_psyche
D:10:     layout_rooms, serial_glass, glass_columns_b, glass_columns_c
D:11:     layout_cave_pools, lair_entry_dummy, minmay_orc_entry_temple_small,
          eino_tiny_chamber, uniq_josephine, uniq_lodul
D:12:     layout_rooms, david_greed
Lair:1:   layout_gridlike, nicolae_quartered_pool_super, serial_bayou_shore_a,
          lemuel_fruit_tree, lemuel_fruit_fields
Lair:2:   layout_roguey, shoals_dummy_entry, minmay_snake_entry_guardpost_small,
          uniq_nergalle
Lair:3:   layout_regular_city, grunt_megastairs_4, lemuel_fruit_fields
Lair:4:   layout_gridlike, cheibrodos_lair_lostbears, uniq_urug
Lair:5:   layout_layer_cave, portal_ice_cave_rime, evilmike_ambush
          [evilmike_ambush_outer_basic, evilmike_ambush_inner_basic]
Lair:6:   gammafunk_lair_ancient_temple, layout_regular_city,
          minmay_slime_entry_pillars
Orc:1:    layout_caves, enter_volcano_3, basic_altar
Orc:2:    st_orc_open, layout_caves, gammafunk_ghost_necromancy

Skill      XL: |  1  2  3  4  5  6  7  8  9 10 11 12 13 14 15 |
---------------+----------------------------------------------+-----
Fighting       | 4 5 6 7 9 10 12 13 14 15 | 15.4
Axes           | 4 5 7 9 10 11 12 14 15 16 | 16.0
Dodging        | 3 4 7 10 | 10.1
Stealth        | 1 2 |  2.1
Armour         | 4 6 7 9 11 12 14 | 14.8
Evocations     | 1 4 6 8 9 11 | 11.3
Shields        | 7 8 12 | 12.1

Action                   |  1- 3 |  4- 6 |  7- 9 | 10-12 | 13-15 || total
-------------------------+-------+-------+-------+-------+-------++-------
Melee: Hand axe          |    77 |    32 |       |       |       ||   109
       Headbutt          |     9 |    13 |    77 |    88 |   157 ||   344
       War axe           |       |    48 |   214 |       |     3 ||   265
       Punch             |       |       |     5 |     7 |     1 ||    13
       Broad axe         |       |       |   118 |   386 |   598 ||  1102
       Spear             |       |       |       |    12 |       ||    12
 Fire: Hand crossbow     |       |       |       |    10 |       ||    10
Throw: Dart              |       |       |       |     3 |       ||     3
       Stone             |       |       |       |       |     1 ||     1
Invok: Berserk           |       |       |     1 |     4 |     4 ||     9
       Trog's Hand       |       |       |       |     5 |     8 ||    13
       Brothers in Arms  |       |       |       |       |     1 ||     1
Evoke: Piece from Xom's  |       |       |       |       |     2 ||     2
  Use: Scroll            |     6 |       |     9 |    10 |    11 ||    36
       Potion            |       |       |     2 |       |     1 ||     3
 Stab: Sleeping          |     1 |     2 |       |       |       ||     3
Armor: Animal skin       |    12 |     4 |       |       |       ||    16
       Plate armour      |       |    18 |   116 |   127 |       ||   261
       Scale mail        |       |       |       |    45 |   170 ||   215
       Ice dragon scales |       |       |       |       |     2 ||     2
Dodge: Dodged            |    53 |    78 |   148 |   219 |   339 ||   837
Block: Buckler           |       |       |       |       |    13 ||    13
       Kite shield       |       |       |       |       |   216 ||   216

Table legend: (Time is in decaauts)
 A = Elapsed time spent in this place.
 B = Non-inter-level travel time spent in this place.
 C = Inter-level travel time spent in this place.
 D = Time resting spent in this place.
 E = Time spent auto-exploring this place.
 F = Levels seen in this place.
 G = Mean time per level.
                   A        B        C        D        E       F      G
               +--------+--------+--------+--------+--------+-----+--------+
         Total |  28141 |  27216 |    925 |  10958 |  11978 |  22 | 1279.1 |
       Dungeon |  13737 |  13343 |    394 |   4445 |   6738 |  12 | 1144.8 |
          Lair |  11005 |  10474 |    531 |   4683 |   4568 |   6 | 1834.2 |
  Orcish Mines |    571 |    571 |      0 |    269 |    121 |   2 |  285.5 |
      Ice Cave |   1810 |   1810 |      0 |    956 |    550 |   1 | 1810.0 |
       Volcano |   1017 |   1017 |      0 |    605 |      0 |   1 | 1017.0 |
               +--------+--------+--------+--------+--------+-----+--------+

Top non-repeatable levels by time:
  Lair:6: 2763 daAuts
     D:7: 2120 daAuts
  Lair:4: 1925 daAuts
  Lair:3: 1865 daAuts
   IceCv: 1810 daAuts
     D:9: 1728 daAuts
  Lair:2: 1605 daAuts
  Lair:1: 1591 daAuts
     D:1: 1381 daAuts
  Lair:5: 1254 daAuts
     D:4: 1131 daAuts
     D:6: 1084 daAuts
     D:8: 1055 daAuts
    D:10: 1030 daAuts
 Volcano: 1017 daAuts
